 Dungeon Crawl Stone Soup version 0.30-a0-862-g1aabd4f9c5 (webtiles) character file.

Game seed: 16776298856441556481

13521 FexLirch the Fighter (level 11, -57/107 HPs)
             Began as a Minotaur Necromancer on Mar 9, 2023.
             Was a High Priest of Cheibriados.
             Annihilated by an enormous slime creature (70 damage)
             ... on level 12 of the Dungeon.
             The game lasted 00:39:12 (12827 turns).

FexLirch the Fighter (Minotaur Necromancer)        Turns: 12827, Time: 00:39:12

Health: -57/107    AC: 12    Str: 27 (29) XL:     11   Next: 76%
Magic:  0/14       EV: 15    Int: 25 (28) God:    Cheibriados [*****.]
Gold:   113        SH:  0    Dex: 28 (31) Spells: 3/16 levels left

rFire   . . .      SeeInvis .    X - +0 lajatang
rCold   . . .      Faith    .    (shield currently unavailable)
rNeg    . . .      Spirit   .    d - +0 leather armour
rPois   .          Reflect  .    (helmet restricted)
rElec   .          Rampage  .    e - +0 cloak
rCorr   .                        n - +0 pair of gloves
Will    .....                    E - +0 pair of boots
Stlth   ++                       (no amulet)
HPRegen 0.37/turn                S - +4 ring of protection
MPRegen 0.14/turn                Q - +6 ring of dexterity

@: attractive, very slow
A: horns 2, retaliatory headbutt, iridescent scales 1
a: Renounce Religion, Bend Time, Temporal Distortion, Slouch, Step From Time


You were on level 12 of the Dungeon.
You worshipped Cheibriados.
Cheibriados was extremely pleased with you.
You visited 1 branch of the dungeon, and saw 12 of its levels.

You collected 563 gold pieces.
You spent 450 gold pieces at shops.

Inventory:

Hand Weapons
 w - a +0 war axe
 I - a +0 quarterstaff
 L - a +4 spear
 X - a +0 lajatang (weapon)
Missiles
 h - 75 stones
 v - 5 curare-tipped darts
 z - 2 poisoned darts
 N - 2 throwing nets
Armour
 d - a +0 leather armour (worn)
 e - a +0 cloak (worn)
 n - a +0 pair of gloves (worn)
 D - a scarf of invisibility
 E - a +0 pair of boots (worn)
Magical Staves
 V - a staff of poison
 W - a staff of cold
Jewellery
 o - a ring of positive energy
 Q - a +6 ring of dexterity (right hand)
 S - a +4 ring of protection (left hand)
Wands
 s - a wand of digging (7)
 y - a wand of flame (33)
 J - a wand of iceblast (10)
 M - a wand of light (13)
 P - a wand of paralysis (6)
Scrolls
 c - 2 scrolls of immolation {unknown}
 f - a scroll of poison {unknown}
 m - 2 scrolls of blinking
 p - a scroll of silence {unknown}
 t - 3 scrolls of enchant armour
 x - 5 scrolls of teleportation
 B - a scroll of vulnerability {unknown}
 C - 3 scrolls of enchant weapon {unknown}
 H - a scroll of torment {unknown}
 R - a scroll of noise {unknown}
 T - a scroll of fog {unknown}
 U - a scroll of magic mapping
 Z - a scroll of brand weapon {unknown}
Potions
 a - a potion of lignification
 b - 3 potions of magic
 g - 2 potions of mutation
 i - a potion of ambrosia {unknown}
 k - 4 potions of brilliance
 l - a potion of haste {unknown}
 q - a potion of might {unknown}
 r - a potion of resistance {unknown}
 u - 3 potions of degeneration
 A - 2 potions of attraction
 G - a potion of flight {unknown}
 O - a potion of heal wounds {unknown}
 Y - a potion of berserk rage {unknown}


   Skills:
 + Level 13.4 Fighting
 * Level 12.5 Staves
 + Level 4.1 Dodging
 - Level 1.5 Stealth
 - Level 3.0 Spellcasting
 - Level 8.0 Necromancy
 + Level 2.1 Translocations


You had 3 spell levels left.
You knew the following spells:

 Your Spells              Type           Power      Damage    Failure   Level
a - Necrotise             Necr           100%       1d9       1%          1
b - Animate Dead          Necr           43%        N/A       4%          4
c - Vampiric Draining     Necr           43%        2d9       1%          3
d - Agony                 Necr           43%        N/A       12%         5

Your spell library contained the following spells:

 Spells                   Type           Power      Damage    Failure   Level
 Summon Small Mammal      Summ           12%        N/A       11%         1
 Poisonous Vapours        Pois/Air       6%         N/A       17%         2
 Portal Projectile        Hex/Tloc       18%        N/A       22%         3
 Tukima's Dance           Hex            3%         N/A       32%         3
 Manifold Assault         Tloc           14%        N/A       43%         4
 Summon Lightning Spire   Summ/Air       3%         N/A       73%         4
 Blade Hands              Tmut           1%         N/A       97%         5
 Freezing Cloud           Conj/Ice/Air   1%         6-21      97%         5
 Simulacrum               Ice/Necr       11%        N/A       97%         6
 Dispersal                Tloc           7%         N/A       100%        6
 Monstrous Menagerie      Summ           1%         N/A       100%        7
 Storm Form               Tmut/Air       1%         N/A       100%        7
 Disjunction              Tloc           7%         N/A       100%        8
 Maxwell's Capacitive Co  Air            1%         ∞         100%        8
 Polar Vortex             Ice            1%         N/A       100%        9


Dungeon Overview and Level Annotations

Branches:
Dungeon (12/15)            Temple (0/1) D:7            Lair (0/5) D:9
    Orc (0/2) D:12

Altars:
Cheibriados
Dithmenos
Fedhas
Trog
Uskayaw

Shops:
D:6 (   D:9 *   D:10 [

Annotations:
D:2 exclusion: ogre, Terence
D:8 2 transporters
D:9 exclusion: orange crystal statue


Innate Abilities, Weirdness & Mutations

You have a pair of horns on your head.
You reflexively headbutt those who attack you in melee.
You are partially covered in iridescent scales. (AC +2)


Message History

You draw life force from the centaur.
You feel life coursing into your body.
The centaur unwields a +0 shortbow.
The centaur hits you but does no damage.
The centaur barely misses you.
The slime creature is attracted toward you.
Okay, then.
Unknown command.
Okay, then.
Okay, then.
Unknown command.
Okay, then.
As you read the scroll labelled ZOXKEPSY HAIL, it crumbles to dust.
You feel aware of your surroundings.
It was a scroll of magic mapping.
The centaur hits you but does no damage.
The centaur kicks you but does no damage.
Two slime creatures merge to form a very large slime creature.
The slime creature is attracted toward you.
Unknown command.
You barely miss the centaur.
The centaur is moderately wounded.
The centaur hits you but does no damage.
The centaur kicks you but does no damage.
Two slime creatures merge to form an enormous slime creature.
The slime creature is attracted toward you.
Okay, then.
It was a potion of cancellation.
Your magical effects are unravelling.
You feel magically purged.
You feel less wooden.
Your +0 cloak unmelds from your body.
Your +0 pair of gloves unmelds from your body.
Your +0 pair of boots unmelds from your body.
Your +0 leather armour unmelds from your body.
The centaur hits you but does no damage.
The centaur kicks you but does no damage.
The centaur barely misses you.
The centaur kicks you but does no damage.
A large slime creature splits.
The enormous slime creature hits you!!!
Ouch! That really hurt!
You die...

.#....#................,,,,,,,,,,
.....##......####..........,,,,,,
...).#.........#*..........,,,,,*
..##.#.#####.#.#*.........,,.?..#
..##.).# #.#.###........,,....#
..##########....##.....#..,..$...
..#....#...###..##...W#...##..$..
..#....#...###...#....#...#......
..'....'.......c@+.J......#......
#.#....#...#..§J##........#...##,
..######...#..JJ.#...#....§....#,
############...§.##..#.........#,
......#....#...J.##.>#.........#,
...........#..................J##
...........#.....................
.....ZZ....#......Z..............
~....~...........................


You could see an enormous slime creature, 3 slime creatures and a centaur.

Vanquished Creatures
  Erolcha (D:10)
  3 two-headed ogres
  Sonja (D:10)
  A manticore (D:12)
  A gargoyle (D:10)
  A rime drake (D:9)
  2 kobold demonologists (D:11)
  A troll (D:11)
  Grinder (D:3)
  3 wyverns
  2 slime creatures
  A vampire (D:11)
  2 wraiths
  A basilisk (D:12)
  A steam dragon (D:8)
  14 yaks
  2 water moccasins
  5 orc warriors
  A sky beast (D:7)
  2 ice beasts
  3 black bears
  5 ogres
  4 wolves
  7 centaurs
  A bullfrog (D:9)
  3 scorpions
  7 wights
  12 killer bees
  An electric eel (D:11)
  2 howler monkeys
  6 orc priests
  2 gnoll boudas
  A hound (D:5)
  2 iguanas
  Jessica (D:2)
  Natasha (thrice) (D:2)
  12 orc wizards
  4 adders
  17 gnolls
  A white imp (D:5)
  An ufetubus (D:4)
  A worm (D:2)
  2 dart slugs
  28 orcs
  8 ball pythons
  2 endoplasms (D:2)
  2 giant cockroaches
  5 hobgoblins
  5 kobolds
  4 bats
  2 frilled lizards (D:1)
  4 goblins
  4 rats
208 creatures vanquished.

Vanquished Creatures (collateral kills)
  A slime creature (D:12)
  Grum (D:10)
  A wolf (D:10)
  A wight (D:8)
  A yak zombie (D:9)
  2 howler monkeys (D:11)
  An orc wizard (D:11)
  A gnoll (D:7)
  5 orcs
14 creatures vanquished.

Vanquished Creatures (others)
  A slime creature (D:8)
  2 slime creature zombies (D:12)
  A two-headed ogre zombie (D:12)
  A wyvern zombie (D:10)
  An ice beast zombie (D:8)
  4 killer bee zombies (D:9)
  A howler monkey zombie (D:12)
  6 gnoll zombies (D:9)
  13 orc zombies
30 creatures vanquished.

Grand Total: 252 creatures vanquished

Notes
Turn   | Place    | Note
-------+----------+-------------------------------------------
     0 | D:1      | FexLirch the Minotaur Necromancer began the quest for the
                  | Orb.
     0 | D:1      | Reached XP level 1. HP: 14/14 MP: 1/1
     2 | D:1      | Noticed an armataur
     2 | D:1      | Noticed a vampire
     4 | D:1      | Noticed a felid
     4 | D:1      | Noticed a demigod
     6 | D:1      | Noticed a demonspawn
     6 | D:1      | Noticed a human
     8 | D:1      | Noticed an ogre
     8 | D:1      | Noticed a draconian
    10 | D:1      | Noticed a naga
    12 | D:1      | Noticed a spriggan
    12 | D:1      | Noticed a formicid
    14 | D:1      | Noticed a meteoran
    14 | D:1      | Noticed a minotaur
    16 | D:1      | Noticed a troll
    16 | D:1      | Noticed a merfolk
    18 | D:1      | Noticed a tengu
    18 | D:1      | Noticed an elf
    22 | D:1      | Noticed a gargoyle
    22 | D:1      | Noticed an octopode
    24 | D:1      | Noticed a vine stalker
    24 | D:1      | Noticed a formicid
    26 | D:1      | Noticed a vampire
   228 | D:1      | Reached XP level 2. HP: 7/20 MP: 3/3
  1178 | D:2      | Found a hide-covered altar of Uskayaw.
  1215 | D:2      | Reached XP level 3. HP: 26/26 MP: 4/4
  1397 | D:2      | Noticed an ogre
  1620 | D:2      | Noticed Natasha
  1637 | D:2      | Killed Natasha
  1638 | D:2      | Reached XP level 4. HP: 16/33 MP: 4/6
  1764 | D:2      | Noticed Terence
  1788 | D:2      | Noticed Jessica
  1795 | D:2      | Killed Jessica
  2147 | D:2      | Noticed Natasha
  2189 | D:2      | Killed Natasha
  2278 | D:2      | Noticed Natasha
  2292 | D:2      | Killed Natasha
  2293 | D:2      | Reached XP level 5. HP: 19/38 MP: 7/7
  2361 | D:3      | Found a faded altar of an unknown god.
  2408 | D:3      | Found a blossoming altar of Fedhas.
  2434 | D:3      | Prayed at the altar of an unknown god.
  2434 | D:3      | Became a worshipper of Cheibriados the Contemplative
  2434 | D:3      | Reached * piety under Cheibriados
  2492 | D:3      | Learned a level 4 spell: Animate Dead
  2496 | D:3      | Learned a level 3 spell: Vampiric Draining
  2521 | D:3      | Reached skill level 1 in Fighting
  2664 | D:3      | Got the Exposition on Illusion and the Black Widow
  2822 | D:3      | Noticed Grinder
  2826 | D:3      | Paralysed by Grinder for 4 turns
  2838 | D:3      | Paralysed by Grinder for 3 turns
  2844 | D:3      | Paralysed by Grinder for 3 turns
  2847 | D:3      | Killed Grinder
  2848 | D:3      | Reached skill level 4 in Fighting
  2848 | D:3      | Reached XP level 6. HP: 5/55 MP: 8/8
  3184 | D:3      | Reached skill level 5 in Fighting
  3504 | D:4      | Reached skill level 6 in Fighting
  3518 | D:4      | Reached XP level 7. HP: 29/63 MP: 9/9
  4118 | D:4      | Reached skill level 7 in Fighting
  4664 | D:5      | Entered Level 5 of the Dungeon
  4726 | D:5      | Reached ** piety under Cheibriados
  4727 | D:5      | Reached skill level 8 in Fighting
  5030 | D:5      | Reached XP level 8. HP: 60/75 MP: 7/11
  5309 | D:5      | Found a shadowy altar of Dithmenos.
  5309 | D:5      | Found a bloodstained altar of Trog.
  5369 | D:5      | Reached skill level 9 in Fighting
  5570 | D:6      | Found Nonierr's Antique Weapon Shoppe.
  5705 | D:6      | Reached skill level 5 in Necromancy
  6165 | D:7      | Reached skill level 10 in Fighting
  6596 | D:7      | Reached skill level 1 in Staves
  6723 | D:7      | Found a staircase to the Ecumenical Temple.
  6974 | D:8      | Reached *** piety under Cheibriados
  6975 | D:8      | Reached XP level 9. HP: 80/86 MP: 12/12
  7802 | D:8      | Found a transporter.
  7803 | D:8      | Noticed a deep elf pyromancer
  7804 | D:8      | Noticed a deep elf pyromancer
  7804 | D:8      | Noticed an efreet
  7805 | D:8      | Noticed a cyclops
  7954 | D:8      | Found a transporter.
  8114 | D:8      | Reached skill level 5 in Staves
  8329 | D:8      | Reached **** piety under Cheibriados
  8330 | D:8      | Reached skill level 11 in Fighting
  8540 | D:8      | Learned a level 5 spell: Agony
  8672 | D:9      | Noticed a rime drake
  8684 | D:9      | Killed a rime drake
  8898 | D:9      | Found a staircase to the Lair.
  8946 | D:9      | Reached XP level 10. HP: 43/96 MP: 13/13
  8959 | D:9      | Gained mutation: You are partially covered in iridescent
                  | scales. (AC +2) [potion of mutation]
  8962 | D:9      | Found Hocom's Neck Hole.
  9014 | D:10     | Entered Level 10 of the Dungeon
  9242 | D:9      | Noticed an orange crystal statue
 10511 | D:10     | Noticed a gargoyle
 10520 | D:10     | Noticed Sonja
 10531 | D:10     | Killed a gargoyle
 10532 | D:10     | Reached skill level 12 in Fighting
 10564 | D:10     | Killed Sonja
 10765 | D:10     | Reached ***** piety under Cheibriados
 10781 | D:10     | Found Osiem's Armour Emporium.
 10893 | D:10     | Noticed Erolcha
 10898 | D:10     | Killed Erolcha
 10899 | D:10     | Reached skill level 10 in Staves
 10941 | D:10     | Noticed Grum
 10946 | D:10     | Killed Grum
 11001 | D:10     | Noticed a two-headed ogre
 11010 | D:10     | Killed a two-headed ogre
 11011 | D:10     | Reached XP level 11. HP: 93/105 MP: 8/14
 11131 | D:10     | Noticed a two-headed ogre
 11167 | D:10     | Killed a two-headed ogre
 11299 | D:6      | Bought a lajatang for 450 gold pieces
 11436 | D:11     | Noticed a sun demon
 11879 | D:11     | Reached skill level 13 in Fighting
 12058 | D:11     | Reached skill level 1 in Translocations
 12676 | D:12     | Noticed a two-headed ogre
 12770 | D:12     | Killed a two-headed ogre
 12785 | D:12     | HP: 1/107 [slime creature (14)]
 12827 | D:12     | Annihilated by an enormous slime creature

Illustrated notes

Levels and vault maps discovered:
D:1:      kb_arrival_jail, layout_basic, grunt_decor_cap
D:2:      layout_basic, basic_altar, serial_park_tiny_1, uniq_jessica,
          uniq_natasha, uniq_terence
D:3:      layout_loops_ring, old_standard_altar,
          hellmonk_ecumenical_altar_run_dry, uniq_grinder
D:4:      layout_loops_corners
D:5:      layout_rooms, gammafunk_temple_overflow_wave
D:6:      layout_loops_ring, serial_shops, shop_statue,
          nicolae_concentric_dashed_squares_wild, chequers_jeans
D:7:      layout_gridville, minmay_temple_entry_glassed_door
D:8:      gammafunk_sealed_arena, layout_loops_ring, kennysheep_generic_room_15
D:9:      layout_stronghold, hellmonk_lair_entry_icy, minivault_15,
          nicolae_shop_sticking_my_neck_out
D:10:     layout_big_octagon, serial_shops, shop, uniq_grum, uniq_erolcha,
          uniq_sonja
D:11:     layout_roguey, minmay_misc_feat_rows, kennysheep_cross_bottleneck,
          minmay_misc_feat_room, minmay_misc_feat_pillars, due_unseen_surprise
D:12:     layout_basic, orc_0_dummy, uniq_kirke

Skill      XL: |  1  2  3  4  5  6  7  8  9 10 11 |
---------------+----------------------------------+-----
Necromancy     | 3 4 5 6 7 8 |  8.0
Spellcasting   | 2 3 |  3.0
Fighting       | 4 6 8 10 11 12 13 | 13.4
Staves         | 2 7 10 12 | 12.5
Translocations | 2 |  2.1
Dodging        | 4 |  4.1
Stealth        | |  1.5

Action                     |  1- 3 |  4- 6 |  7- 9 | 10-12 || total
---------------------------+-------+-------+-------+-------++-------
  Melee: Mace              |    14 |       |       |       ||    14
         Dagger            |     5 |       |       |       ||     5
         Headbutt          |    16 |     9 |    48 |    47 ||   120
         Unarmed           |     3 |       |       |       ||     3
         Punch             |     1 |       |     3 |       ||     4
         Short sword       |    95 |    32 |       |       ||   127
         Whip              |    10 |     5 |       |       ||    15
         War axe           |       |    36 |    98 |       ||   134
         Quarterstaff      |       |       |   115 |   114 ||   229
         Spear             |       |       |    26 |    24 ||    50
         Lajatang          |       |       |       |    88 ||    88
   Cast: Necrotise         |     9 |     5 |    16 |    19 ||    49
         Vampiric Draining |       |       |     8 |     9 ||    17
         Animate Dead      |       |       |     4 |     5 ||     9
         Agony             |       |       |       |     5 ||     5
  Evoke: Wand              |       |    16 |       |       ||    16
    Use: Scroll            |       |       |     3 |    11 ||    14
         Potion            |       |       |       |     9 ||     9
   Stab: Sleeping          |       |       |     4 |     1 ||     5
         Distracted        |       |       |     2 |     2 ||     4
 Armour: Leather armour    |    24 |    20 |    89 |    72 ||   205
         Robe              |     1 |       |       |       ||     1
         Skin              |       |       |       |     8 ||     8
  Dodge: Dodged            |    64 |    54 |   193 |   170 ||   481

Table legend: (Time is in decaauts)
 A = Elapsed time spent in this place.
 B = Non-inter-level travel time spent in this place.
 C = Inter-level travel time spent in this place.
 D = Time resting spent in this place.
 E = Time spent auto-exploring this place.
 F = Levels seen in this place.
 G = Mean time per level.
                   A        B        C        D        E       F      G
               +--------+--------+--------+--------+--------+-----+--------+
         Total |  16623 |  15553 |   1070 |    799 |  11893 |  12 | 1385.2 |
       Dungeon |  16623 |  15553 |   1070 |    799 |  11893 |  12 | 1385.2 |
               +--------+--------+--------+--------+--------+-----+--------+

Top non-repeatable levels by time:
     D:9: 2628 daAuts
     D:8: 2108 daAuts
     D:4: 1722 daAuts
    D:10: 1609 daAuts
     D:2: 1478 daAuts
    D:11: 1454 daAuts
     D:3: 1221 daAuts
     D:7: 1178 daAuts
     D:5: 991 daAuts
     D:6: 966 daAuts
     D:1: 847 daAuts
    D:12: 416 daAuts
